 Dungeon Crawl Stone Soup version 0.31-a0-187-gba352fbbf7 (webtiles) character file.

Game seed: 15722165710254681208

100 qw the Shooter (level 4, -1/25 HPs)
             Began as a Deep Elf Hunter on June 22, 2023.
             Was an Initiate of Okawaru.
             Slain by Blork the orc
             ... wielding a +0 mace
              (6 damage)
             ... on level 4 of the Dungeon.
             The game lasted 00:00:48 (2064 turns).

qw the Shooter (Deep Elf Hunter)                    Turns: 2064, Time: 00:00:49

Health: -1/25      AC:  5    Str: 10    XL:     4   Next: 46%
Magic:  6/6        EV: 11    Int: 14    God:    Okawaru [......]
Gold:   79         SH:  0    Dex: 24    Spells: 3/3 levels left

rFire   . . .        Y - +0 shortbow
rCold   + . .        (shield currently unavailable)
rNeg    . . .        b - +0 ring mail
rPois   .            (no helmet)
rElec   .            (no cloak)
rCorr   .            (no gloves)
SInv    .            (no boots)
Will    .....        (no amulet)
Stlth   ++           i - ring of protection from cold
HPRegen 0.24/turn    d - +6 ring of dexterity
MPRegen 0.10/turn

%: no passive effects
@: about to teleport
A: no striking features
a: Renounce Religion


You were on level 4 of the Dungeon.
You worshipped Okawaru.
Okawaru was noncommittal.
You visited 1 branch of the dungeon, and saw 4 of its levels.

You collected 101 gold pieces.
You spent 22 gold pieces at shops.


   Skills:
 - Level 1.5 Fighting
 + Level 7.9 Ranged Weapons
 - Level 2.4 Dodging
 - Level 1.2 Stealth


You had 3 spell levels left.
You didn't know any spells.
Your spell library was empty.

Inventory:

Hand Weapons
 Y - a +0 shortbow (weapon)
Armour
 b - a +0 ring mail (worn)
Jewellery
 d - a +6 ring of dexterity (right hand)
 i - a ring of protection from cold (left hand)
Scrolls
 a - 4 scrolls of identify
Potions
 g - 3 potions of curing
 j - a potion of haste

Dungeon Overview and Level Annotations

Branches:
Dungeon (4/15)             Temple (0/1) D:4

Altars:
Ashenzari
Elyvilon
Okawaru
Vehumet

Shops:
D:2 *

Annotations:
D:3 exclusion: quokka, Jessica
D:4 Blork the orc


Message History

You open the door.
There is an open door here.
There is an open door here.
a - 4 scrolls of identify (gained 3)
Found a stone staircase leading up.
Enter note:
Enter note:
Enter note:
c - a scroll of teleportation
Enter note:
Enter note:
There is a stone staircase leading up here.
A quokka comes into view.
Enter note:
Enter note: You shoot an arrow.
The arrow hits the quokka!
You kill the quokka!
Okawaru accepts your kill.
Blork the orc comes into view.
He is wielding a +0 mace.
Blork the orc shouts!
Enter note:
Enter note: You shoot an arrow.
The arrow hits Blork the orc.
Blork the orc is moderately wounded.
Blork the orc hits you with a +0 mace.
You shoot an arrow. The arrow hits Blork the orc.
Blork the orc is moderately wounded.
Blork the orc hits you with a +0 mace! x2
2062 ||| READING scroll of teleportation.
As you read the scroll of teleportation, it crumbles to dust.
You feel strangely unstable. Blork the orc barely misses you.
You shoot an arrow.
The arrow hits Blork the orc but does no damage.
Blork the orc is moderately wounded.
Blork the orc barely misses you.
You shoot an arrow. The arrow hits Blork the orc!
Blork the orc is severely wounded.
Blork the orc hits you with a +0 mace.
You die...

#.#..#....#...#
#.#####...#....
#.#.#.....#P.P#
###########.#.......##.##
#...........###....P#...#
#.###.#####.# #.......>..
#...#.#. #.# #.#..P#...#
##.#####.#o###.###.....##.##
.........#.@...##.......P.P#
########.########.........##
#.####..#........###
#....#.###....##.##
#.##.#..##....#...#
#.##.#..##........#
..##.#..#.....##..#
#####....<.....# ##
#.#..#.....#


You could see Blork the orc.

Vanquished Creatures
  An iguana (D:4)
  An adder (D:3)
  2 dart slugs (D:2)
  An orc (D:3)
  5 ball pythons
  3 bats
  2 endoplasms (D:2)
  A giant cockroach (D:1)
  6 goblins
  5 hobgoblins
  9 jackals
  5 kobolds
  4 quokkas
  2 frilled lizards
  4 rats
51 creatures vanquished.

Notes
Turn   | Place    | Note
-------+----------+-------------------------------------------
     0 | D:1      | qw the Deep Elf Hunter began the quest for the Orb.
     0 | D:1      | Reached XP level 1. HP: 12/12 MP: 3/3
     0 | D:1      | 0 ||| qw: Version: 0.3-a-9-g12657ce
     0 | D:1      | 0 ||| qw: Game counter: 2582
     0 | D:1      | 0 ||| qw: Always use a shield: true
     0 | D:1      | 0 ||| qw: God list: Okawaru
     0 | D:1      | 0 ||| qw: Allow faded altars: false
     0 | D:1      | 0 ||| qw: Do Orc after D:15 true
     0 | D:1      | 0 ||| qw: Do second Lair branch before Depths: true
     0 | D:1      | 0 ||| qw: Lair rune preference: random
     0 | D:1      | 0 ||| qw: Plans: Normal
     0 | D:1      | 0 ||| PLANNING D:1-11
   163 | D:1      | Reached XP level 2. HP: 16/16 MP: 4/4
   172 | D:1      | Reached skill level 6 in Ranged Weapons
   448 | D:1      | 448 ||| READING 2 scrolls labelled XOPSOUFINI.
   449 | D:1      | 449 ||| READING scroll labelled DAHESH VUQAI.
   450 | D:1      | 450 ||| DROPPING scroll of butterflies.
   475 | D:2      | Found a radiant altar of Vehumet.
   479 | D:2      | Found Yssuodgho's General Store.
   491 | D:2      | 491 ||| SHOPLISTING ring of fire (275 gold, have 26).
   491 | D:2      | 491 ||| BUYING scroll of identify (22 gold).
   491 | D:2      | Bought a scroll of identify for 22 gold pieces
   732 | D:2      | Reached XP level 3. HP: 19/20 MP: 5/5
   777 | D:2      | 777 ||| FLEEEEING.
   778 | D:2      | 778 ||| FLEEEEING.
  1269 | D:2      | 1269 ||| UPGRADING to +0 ring mail.
  1279 | D:2      | 1279 ||| DROPPING +0 leather armour.
  1280 | D:2      | 1280 ||| UPGRADING to ring of protection from cold.
  1281 | D:2      | 1281 ||| READING scroll labelled JIETI IZINY.
  1284 | D:2      | 1284 ||| READING 2 scrolls labelled VUMUTH OCOOKH.
  1285 | D:2      | 1285 ||| READING scroll labelled UGGUOPL GOTOSH.
  1286 | D:2      | 1286 ||| DRINKING 4 emerald potions.
  1287 | D:2      | 1287 ||| DRINKING 2 white potions.
  1288 | D:2      | 1288 ||| READING 3 scrolls of identify.
  1288 | D:2      | 1288 ||| IDENTIFYING fizzy yellow potion
  1289 | D:2      | 1289 ||| DROPPING scroll of revelation.
  1290 | D:2      | 1290 ||| DROPPING potion of berserk rage.
  1311 | D:3      | Reached skill level 7 in Ranged Weapons
  1360 | D:3      | Found a faded altar of an unknown god.
  1536 | D:3      | 1536 ||| Stepping ~*~*~tactically~*~*~ (water).
  1548 | D:3      | Noticed Jessica
  1550 | D:3      | 1550 ||| Stepping ~*~*~tactically~*~*~ (water).
  1551 | D:3      | 1551 ||| UPGRADING to +6 ring of dexterity.
  1561 | D:3      | 1561 ||| FLEEEEING.
  1631 | D:3      | Reached XP level 4. HP: 25/25 MP: 6/6
  1750 | D:3      | Found an iron altar of Okawaru.
  1750 | D:3      | Found a broken altar of Ashenzari.
  1751 | D:3      | 1751 ||| PLANNING OKAWARU WORSHIP
  1751 | D:3      | 1751 ||| READING 2 scrolls of identify.
  1751 | D:3      | 1751 ||| IDENTIFYING blue potion
  1752 | D:3      | 1752 ||| DROPPING potion of degeneration.
  1761 | D:3      | Found a faded altar of an unknown god.
  1764 | D:3      | 1764 ||| READING 2 scrolls of identify.
  1764 | D:3      | 1764 ||| IDENTIFYING metallic green potion
  1765 | D:3      | 1765 ||| DROPPING potion of lignification.
  1766 | D:3      | Became a worshipper of Warmaster Okawaru
  1767 | D:3      | 1767 ||| PLANNING D:1-11
  1770 | D:3      | Found a faded altar of an unknown god.
  1772 | D:3      | Found a white marble altar of Elyvilon.
  1950 | D:4      | Found a staircase to the Ecumenical Temple.
  2059 | D:4      | Noticed Blork the orc
  2061 | D:4      | HP: 4/25 [Blork the orc/+0 mace (7)]
  2062 | D:4      | 2062 ||| READING scroll of teleportation.
  2064 | D:4      | Slain by Blork the orc

Levels and vault maps discovered:
D:1:      lightli_arrival_chessboard, layout_basic
D:2:      layout_loops_corners, basic_altar, serial_shops, shop
D:3:      wander_river, layout_rooms, chequers_temple_overflow_minitemple,
          hellmonk_ecumenical_altar_pennies_from_heaven, uniq_jessica
D:4:      mumra_celtic_spiral_tile, layout_cave_pools,
          minmay_temple_entry_gardened_gates, minmay_misc_feat_doors,
          guppyfry_shop_venom, uniq_blork_the_orc

Skill      XL: |  1  2  3 |
---------------+----------+-----
Ranged Weapons | 6 7 |  7.9
Fighting       | |  1.5
Dodging        | |  2.4
Stealth        | |  1.2

Action                     |  1- 3 |  4- 6 || total
---------------------------+-------+-------++-------
   Fire: Shortbow          |   130 |    24 ||   154
    Use: Scroll            |     6 |     3 ||     9
         Potion            |     2 |       ||     2
 Armour: Leather armour    |     3 |       ||     3
         Ring mail         |     3 |     2 ||     5
  Dodge: Dodged            |    27 |     7 ||    34

Table legend:
 A = Non-vault XP
 B = Vault XP
 C = Vault XP percentage of total XP
 D = Non-vault monster count
 E = Vault monster count
 F = Vault count percentage of total count
                 A         B        C        D         E       F
            +---------+---------+-------+---------+---------+-------
      Total |     143 |       0 |   0.0 |      51 |       0 |   0.0
            +---------+---------+-------+---------+---------+-------
        D:1 |      23 |       0 |   0.0 |      13 |       0 |   0.0
        D:2 |      37 |       0 |   0.0 |      19 |       0 |   0.0
        D:3 |      43 |       0 |   0.0 |      16 |       0 |   0.0
        D:4 |      40 |       0 |   0.0 |       3 |       0 |   0.0
            +---------+---------+-------+---------+---------+-------
